 Dungeon Crawl Stone Soup version 0.23.2-40-g277498a001 (webtiles) character file.

Game seed: 4751388019954826971

143332 Leekoo the Slayer (level 16, -1/167 HPs)
             Began as a Minotaur Fighter on Sept 27, 2019.
             Was a High Priest of Trog.
             Killed from afar by Nikola (21 damage)
             ... with a chain lightning
             ... on level 2 of the Elven Halls on Sept 28, 2019.
             The game lasted 06:40:39 (40196 turns).

Leekoo the Slayer (Minotaur Fighter)               Turns: 40196, Time: 06:40:39

Health: -1/167     AC: 28    Str: 25    XL:     16   Next: 82%
Magic:  15/15      EV:  9    Int:  5    God:    Trog [*****.]
Gold:   1132       SH: 17    Dex: 13    Spells: 15/15 levels left

rFire    + . .     SeeInvis .   a - +6 morningstar (protect)
rCold    + . .     Gourm    .   c - +0 shield
rNeg     + . .     Faith    .   i - +1 plate armour {rN+}
rPois    .         Spirit   .   (helmet restricted)
rElec    .         Reflect  +   j - +2 cloak
rCorr    .         Harm     .   s - +0 pair of gloves
MR       +++..                  e - +1 pair of boots
Stlth    ..........             K - +3 amulet of reflection
HPRegen  1.37/turn              V - ring of protection from fire
MPRegen  0.14/turn              P - ring of protection from cold

@: regenerating
A: retaliatory headbutt, horns 2
a: Berserk, Trog's Hand, Brothers in Arms, Renounce Religion


You were on level 2 of the Elven Halls.
You worshipped Trog.
Trog was extremely pleased with you.
You were hungry.

You visited 5 branches of the dungeon, and saw 27 of its levels.
You visited the Abyss 1 time.
You also visited: Ossuary.

You collected 3525 gold pieces.
You spent 2393 gold pieces at shops.

Inventory:

Hand Weapons
 a - a +6 morningstar of protection (weapon)
 r - a +2 fustibalus of flaming
 U - the +5 morningstar of Egiuss {elec, SInv}
   (Trog gifted it to you on level 1 of the Elven Halls)

   Occasionally, upon striking a foe, it will discharge some electrical energy
   and cause terrible harm.
   It lets you see invisible.
Missiles
 n - 642 stones (quivered)
 I - 155 sling bullets
Armour
 c - a +0 shield (worn)
 e - a +1 pair of boots (worn)
 i - a +1 plate armour of positive energy (worn)
 j - a +2 cloak (worn)
 s - a +0 pair of gloves (worn)
Jewellery
 h - an uncursed amulet of regeneration
 p - an uncursed ring of poison resistance
 K - a +3 amulet of reflection (around neck)
 P - a ring of protection from cold (right hand)
 Q - an uncursed ring of see invisible
 V - a ring of protection from fire (left hand)
 Y - the ring "Mylik" {Ice Str+3}
   (You took it off a deep elf archer on level 2 of the Elven Halls)

   [ring of ice]

   It enhances your ice magic.
   It affects your strength (+3).
   It makes you vulnerable to fire.
   It protects you from cold.
Wands
 b - a wand of random effects (93)
 u - a wand of polymorph (12)
 L - a wand of iceblast (17)
 W - a wand of enslavement (10)
 Z - a wand of flame (29)
Scrolls
 l - 3 scrolls of noise
 m - a scroll of magic mapping
 q - 12 scrolls of remove curse
 t - a scroll of vulnerability
 y - 11 scrolls of teleportation
 A - 7 scrolls of enchant armour
 B - 2 scrolls of blinking
 F - 4 scrolls of fog
 G - a scroll of enchant weapon
 H - a scroll of silence
 J - a scroll of brand weapon
 M - a scroll of fear
 O - 3 scrolls of immolation
 T - 3 scrolls of identify
 X - a scroll of torment
Potions
 d - 7 potions of might
 g - 4 potions of heal wounds
 k - 10 potions of flight
 o - a potion of cancellation
 v - 10 potions of curing
 w - 6 potions of lignification
 x - 6 potions of magic
 z - 3 potions of berserk rage
 C - a potion of agility
 D - 5 potions of mutation
 E - 2 potions of brilliance
 N - 4 potions of haste
 S - a potion of ambrosia
Comestibles
 f - 18 rations


   Skills:
 + Level 21.5 Fighting
   Level 9.4(13.3) Axes
 - Level 15.2(16.0) Maces & Flails
 + Level 19.0 Armour
 - Level 1.0 Dodging
 - Level 15.0 Shields


You had 15 spell levels left.
You didn't know any spells.
Your spell library contained the following spells:

 Spells                   Type           Power        Failure   Level  Hunger
 Magic Dart               Conj           #...         96%         1    ##.....
 Searing Ray              Conj           #.....       99%         2    ###....
 Dazzling Spray           Conj/Hex       #.....       100%        3    ####...
 Force Lance              Conj/Tloc      #.......     100%        4    #####..
 Fulminant Prism          Conj/Hex       #.........   100%        4    #####..
 Iskenderun's Mystic Bla  Conj           #.......     100%        4    #####..


Dungeon Overview and Level Annotations

Branches:
Dungeon (15/15)            Temple (1/1) D:7            Lair (6/6) D:11
 Shoals (0/4) Lair:2        Snake (0/4) Lair:3        Slime (0/5) Lair:5
    Orc (2/2) D:10            Elf (3/3) Orc:2        Vaults (0/5) D:14
 Depths (0/5) D:15

Altars:
Ashenzari
Cheibriados
Dithmenos
Elyvilon
Fedhas
Gozag
Hepliaklqana
Kikubaaqudgha
Makhleb
Nemelex Xobeh
Qazlal
Ru
Sif Muna
Trog
Uskayaw
Vehumet
Wu Jian
Xom
Yredelemnul
Zin
The Shining One
Beogh
Jiyva

Shops:
D:5 =   D:7 [   Orc:1 [*   Orc:2 [!:*   Elf:1 !

Annotations:
D:7 2 transporters, scorp85's ghost, novice TrFi
Elf:2 Nikola


Innate Abilities, Weirdness & Mutations

You reflexively headbutt those who attack you in melee.
You have a pair of horns on your head.


Message History

You impale Nikola!!
Nikola is almost dead.
Nikola gestures wildly while chanting.
Nikola blinks!
You start resting.
Nikola is too close now for your liking.
Nikola gestures wildly while chanting.
You hear a mighty clap of thunder!
The lightning arc hits you!
The lightning arc hits Nikola.
The lightning arc hits you!!
* * * LOW HITPOINT WARNING * * *
The lightning arc hits Nikola.
The lightning arc hits you!!
* * * LOW HITPOINT WARNING * * *
You feel much better.
Nikola gestures wildly while chanting.
You hear a mighty clap of thunder!
The lightning arc hits you!!
* * * LOW HITPOINT WARNING * * *
The lightning arc hits Nikola.
The lightning arc hits you!!
You die...

..# ##.(..@..........# ..
##.................
.#...........(......
......................
##...##.....###.....## ##.#
##...''#''...## ## #####...#####
### ################'))#######
..######........@.##...#.#...##..
..........#######.#.....#.....#..
########### #.........)...... #
##.@....))....... #
#........)....#. #
##.....).....### #
#.#))..8....#.#. #
##...........#.. ####
#....)..).......


You could see Nikola.

Vanquished Creatures
  Asterion (Elf:2)
  Agnes (Elf:1)
  A deep elf sorcerer (Elf:1)
  A fire giant (D:15)
  A stone giant (Orc:2)
  An entropy weaver (Lair:4)
  A deep elf demonologist (Orc:2)
  Azrael (Elf:1)
  6 dire elephants (Lair:6)
  The ghost of Acheron the Cleaver, a journeyman GrGl of Okawaru (D:13)
  Erolcha (D:12)
  A catoblepas (Lair:4)
  10 hydras
  A death knight (D:15)
  A centaur warrior (D:15)
  4 two-headed ogres
  A queen ant (Lair:3)
  An anaconda (Lair:6)
  13 death yaks
  11 dancing weapons
  An ogre mage (D:13)
  3 orc high priests
  A thrashing horror (Abyss:1)
  Nergalle (Lair:1)
  6 deep elf knights
  3 unseen horrors
  A skeletal warrior (D:15)
  A wizard (D:14)
  12 deep elf archers
  2 orc knights (Orc:2)
  39 deep elf magi
  3 manticores
  A necromancer (D:14)
  10 ugly things
  7 orc sorcerers
  Pikel (D:10)
  2 cyclopes (D:15)
  2 centaur zombies
  11 elephants
  11 spiny frogs
  A smoke demon (Abyss:1)
  2 gargoyles
  A torpor snail (shapeshifter) (Elf:1)
  A kobold demonologist (D:12)
  3 rime drakes
  7 komodo dragons
  A komodo dragon (shapeshifter) (Elf:2)
  2 freezing wraiths (D:14)
  A queen bee (Lair:4)
  A polar bear (shapeshifter) (D:14)
  2 polar bears
  9 meliai
  A meliai (shapeshifter) (D:13)
  7 trolls
  18 blink frogs
  8 hippogriffs
  An air elemental (Elf:1)
  A water elemental (Elf:1)
  2 wraiths
  A shadow (D:11)
  9 wyverns
  5 basilisks
  46 yaks
  6 fire elementals
  2 hungry ghosts
  5 vampire mosquitoes
  A neqoxec (Abyss:1)
  2 steam dragons
  5 wargs
  5 nagas (Lair:3)
  An acid dragon (D:15)
  8 soldier ants
  A hell hound (Elf:1)
  Duvessa (D:4)
  10 water moccasins
  5 porcupines
  28 orc warriors
  A swamp drake (D:10)
  A sky beast (D:8)
  2 slaves
  A black bear (D:10)
  3 ice beasts
  3 eyes of draining
  A sky beast (shapeshifter) (D:14)
  12 ogres
  3 phantoms
  17 wolves
  14 centaurs
  11 crocodiles
  2 big kobolds
  16 bullfrogs
  Blork the orc (D:6)
  2 earth elementals
  An elf zombie (Ossuary)
  A gnoll sergeant (Orc:2)
  A water moccasin zombie (D:12)
  Dowan (D:4)
  A wyvern skeleton (D:14)
  3 scorpions
  30 killer bees (Lair:4)
  2 vampire bats (D:12)
  5 howler monkeys
  9 crimson imps
  15 electric eels
  2 bullfrog zombies
  7 jellies
  3 quasits
  29 orc priests
  6 hounds
  36 orc wizards
  Crazy Yiuf (D:5)
  Ijyb (D:4)
  6 centaur skeletons
  4 iguanas
  8 hell rats
  31 worker ants
  Terence (D:2)
  A hound zombie (Ossuary)
  A hound skeleton (D:6)
  4 mummies (Ossuary)
  A worker ant zombie (D:7)
  4 gnolls
  16 adders
  A hound simulacrum (D:9)
  7 shadow imps
  2 white imps (D:9)
  A worker ant simulacrum (D:9)
  An ufetubus (D:9)
  2 adder zombies
  3 worms
  2 dart slugs
  7 leopard geckos
  105 orcs
  14 bats
  2 giant cockroaches
  10 goblins
  8 hobgoblins (D:1)
  7 jackals
  12 kobolds
  A quokka (D:12)
  3 ball pythons
  5 frilled lizards
  A gnoll zombie (Ossuary)
  A goblin zombie (Ossuary)
  3 hobgoblin zombies (Ossuary)
  A jackal skeleton (D:6)
  2 jackal zombies
  2 kobold zombies (Ossuary)
  A leopard gecko skeleton (D:9)
  An orc zombie (Ossuary)
  2 quokka skeletons
  3 rats
  A bush (Lair:2)
  3 plants
922 creatures vanquished.

Vanquished Creatures (collateral kills)
  A hydra (Lair:6)
  6 death yaks (Lair:6)
  A komodo dragon (Lair:6)
8 creatures vanquished.

Vanquished Creatures (others)
  A deep elf archer (Elf:1)
  A cyclops (D:14)
  A deep elf mage (Orc:2)
  A slave (D:9)
  3 centaurs
  An orc wizard (Orc:2)
  A gnoll (Orc:2)
  An orc (D:11)
  10 fungi
  15 plants
35 creatures vanquished.

Grand Total: 965 creatures vanquished

Notes
Turn   | Place    | Note
-------+----------+-------------------------------------------
     0 | D:1      | Leekoo the Minotaur Fighter began the quest for the Orb.
     0 | D:1      | Reached XP level 1. HP: 19/19 MP: 0/0
    16 | D:1      | You fall through a shaft!
    79 | D:3      | Reached XP level 2. HP: 27/27 MP: 1/1
   113 | D:2      | Noticed Terence
   127 | D:2      | Reached skill level 4 in Fighting
   131 | D:2      | Killed Terence
   131 | D:2      | Reached XP level 3. HP: 33/33 MP: 2/2
   297 | D:2      | Reached XP level 4. HP: 34/41 MP: 3/3
   437 | D:2      | Found a bloodstained altar of Trog.
   451 | D:2      | Became a worshipper of Trog the Wrathful
   720 | D:1      | Found a snail-covered altar of Cheibriados.
  1202 | D:1      | Reached * piety under Trog
  1202 | D:1      | Reached XP level 5. HP: 47/47 MP: 4/4
  1318 | D:2      | Found a faded altar of an unknown god.
  1533 | D:4      | Found a sand-covered staircase.
  1542 | Ossuary  | Entered an ossuary
  1547 | Ossuary  | Reached skill level 5 in Axes
  1548 | Ossuary  | Reached skill level 5 in Shields
  1610 | Ossuary  | Reached XP level 6. HP: 51/53 MP: 5/5
  1807 | D:4      | Found a white marble altar of Elyvilon.
  2034 | D:5      | Entered Level 5 of the Dungeon
  2075 | D:4      | Reached ** piety under Trog
  2368 | D:4      | Reached XP level 7. HP: 60/60 MP: 6/6
  2565 | D:4      | Reached skill level 5 in Fighting
  2929 | D:5      | Noticed Ijyb
  2929 | D:5      | Noticed Dowan
  2934 | D:5      | Noticed Duvessa
  2941 | D:4      | Killed Ijyb
  2954 | D:4      | Killed Duvessa
  2964 | D:4      | Killed Dowan
  3404 | D:5      | Found an ancient bone altar of Kikubaaqudgha.
  3511 | D:5      | Found Ribluny's Jewellery Boutique.
  3694 | D:5      | Reached XP level 8. HP: 69/69 MP: 7/7
  3711 | D:5      | Found a hide-covered altar of Uskayaw.
  3938 | D:5      | Found an opulent altar of Gozag.
  4031 | D:5      | Found a runed translucent door.
  4032 | D:5      | Noticed Crazy Yiuf
  4047 | D:5      | Killed Crazy Yiuf
  4077 | D:5      | Got a steaming mace
  4081 | D:5      | Got a transparent mace
  4082 | D:5      | Identified the cursed +2 mace of Demonkind {crush, rF- MR+
                  | Int+6 SInv} (You found it on level 5 of the Dungeon)
  4088 | D:5      | Identified the +2 mace of Causality {flame, rPois} (You
                  | found it on level 5 of the Dungeon)
  4404 | D:7      | Reached skill level 1 in Maces & Flails
  4404 | D:7      | Reached skill level 1 in Dodging
  4773 | D:6      | Noticed Blork the orc
  4782 | D:6      | Killed Blork the orc
  5210 | D:7      | Reached skill level 6 in Fighting
  5280 | D:7      | Found a snail-covered altar of Cheibriados.
  5280 | D:7      | Found a hide-covered altar of Uskayaw.
  5280 | D:7      | Found a radiant altar of Vehumet.
  5280 | D:7      | Found a white marble altar of Elyvilon.
  5280 | D:7      | Noticed a deep elf mage
  5288 | D:7      | Reached *** piety under Trog
  5393 | D:7      | Killed a deep elf mage
  5393 | D:7      | Reached skill level 5 in Maces & Flails
  5393 | D:7      | Reached skill level 5 in Armour
  5393 | D:7      | Reached XP level 9. HP: 38/78 MP: 8/8
  5642 | D:7      | Reached skill level 7 in Fighting
  6191 | D:7      | Found a staircase to the Ecumenical Temple.
  6246 | D:7      | Found a sacrificial altar of Ru.
  6339 | Temple   | Entered the Ecumenical Temple
  6607 | D:7      | Identified the +8 dire flail "Wuisam" {crush, -Tele +Inv
                  | Dex+4}
  6607 | D:7      | Noticed a two-headed ogre
  6607 | D:7      | Noticed scorp85's ghost (novice TrFi)
  6608 | D:7      | Found a transporter.
  6656 | D:7      | Found a transporter.
  6869 | D:7      | Found Ratzea's Armour Shop.
  6920 | D:7      | Killed an unseen horror
  6920 | D:7      | Reached skill level 8 in Fighting
  6946 | D:7      | Noticed a manticore
  7417 | D:9      | Reached XP level 10. HP: 88/88 MP: 9/9
  7651 | D:8      | Noticed a two-headed ogre
  7701 | D:8      | Killed a two-headed ogre
  7847 | D:8      | Reached **** piety under Trog
  8513 | D:10     | Entered Level 10 of the Dungeon
  8955 | D:9      | Found a deep blue altar of Sif Muna.
  9014 | D:9      | Noticed Pikel
  9030 | D:10     | Killed Pikel
  9030 | D:10     | Reached skill level 9 in Fighting
  9497 | D:9      | Reached skill level 10 in Maces & Flails
  9535 | D:9      | Found a sparkling altar of Nemelex Xobeh.
 10280 | D:10     | Reached ***** piety under Trog
 10403 | D:10     | Found a staircase to the Orcish Mines.
 10740 | D:10     | Reached XP level 11. HP: 97/97 MP: 10/10
 11345 | D:11     | Reached skill level 10 in Shields
 11516 | D:11     | Noticed an unseen horror
 11525 | D:11     | Killed an unseen horror
 11952 | D:11     | Reached skill level 10 in Fighting
 12515 | D:11     | Noticed a cyan ugly thing
 12538 | D:11     | Killed a cyan ugly thing
 12841 | D:11     | Found a stormy altar of Qazlal.
 12886 | D:11     | Found a staircase to the Lair.
 13177 | Orc:1    | Entered Level 1 of the Orcish Mines
 13184 | Orc:2    | Entered Level 2 of the Orcish Mines
 13184 | Orc:2    | Noticed a stone giant
 13296 | Orc:1    | Found Cimunlor's General Store.
 13608 | Orc:2    | Killed a stone giant
 13905 | Orc:1    | Noticed an orc knight
 14199 | Orc:1    | Noticed an orc sorcerer
 14200 | Orc:1    | Noticed an orc sorcerer
 14447 | Orc:1    | Noticed an orc high priest
 14587 | Orc:1    | Killed an orc high priest
 14587 | Orc:1    | Reached skill level 10 in Armour
 14745 | Orc:2    | Killed an orc knight
 14745 | Orc:2    | Reached XP level 12. HP: 108/108 MP: 11/11
 15263 | Orc:1    | Received a gift from Trog
 15621 | Orc:2    | Paralysed by an orc sorcerer for 6 turns
 15632 | Orc:1    | Reached skill level 11 in Fighting
 15898 | Orc:2    | Noticed an orc high priest
 15950 | Orc:1    | Killed an orc high priest
 16214 | Orc:2    | Paralysed by an orc sorcerer for 7 turns
 16281 | Orc:2    | Reached ****** piety under Trog
 16403 | Orc:1    | Found Zask's Antique Armour Shoppe.
 16412 | Orc:1    | Bought a shiny plate armour for 572 gold pieces
 16412 | Orc:1    | Bought a runed cloak for 165 gold pieces
 16541 | Orc:1    | Paralysed by an orc sorcerer for 7 turns
 16927 | Orc:2    | Found a staircase to the Elven Halls.
 17195 | Orc:2    | Found Bozi's Book Emporium.
 17195 | Orc:2    | Found Eskuvu's Assorted Antiques.
 17195 | Orc:2    | Found Sollunyt's Distillery.
 17198 | Orc:2    | Found Liolar's Armour Shoppe.
 17325 | Orc:2    | Found a roughly hewn altar of Beogh.
 17416 | Orc:2    | Noticed a two-headed ogre
 17444 | Orc:2    | Killed a two-headed ogre
 17925 | Orc:2    | Paralysed by an orc sorcerer for 3 turns
 18322 | Orc:2    | Bought a manual of Fighting for 1656 gold pieces
 18363 | Elf:1    | Entered Level 1 of the Elven Halls
 19245 | Elf:1    | Received a gift from Trog
 19245 | Elf:1    | Reached skill level 12 in Fighting
 19282 | Elf:1    | Noticed a deep elf demonologist
 19528 | Elf:1    | Noticed a Tzitzimitl
 19793 | Elf:1    | Noticed a Hell Sentinel
 19794 | Elf:1    | Noticed a Hell Sentinel
 19933 | Lair:1   | Entered Level 1 of the Lair of Beasts
 20268 | D:11     | Reached XP level 13. HP: 116/118 MP: 12/12
 21002 | Lair:1   | Noticed Nergalle
 21013 | Lair:1   | Killed Nergalle
 21976 | Lair:3   | Reached skill level 15 in Maces & Flails
 22311 | Lair:2   | Found a staircase to the Shoals.
 22335 | Lair:2   | Reached skill level 13 in Fighting
 23182 | Lair:3   | Found a staircase to the Snake Pit.
 23808 | Lair:4   | Noticed an entropy weaver
 23940 | Lair:4   | Killed an entropy weaver
 24230 | Lair:4   | Reached skill level 14 in Fighting
 24362 | Lair:4   | Noticed an entropy weaver
 25190 | Lair:4   | Reached XP level 14. HP: 133/133 MP: 13/13
 25529 | Lair:4   | Reached skill level 15 in Fighting
 25906 | Lair:5   | Found a staircase to the Slime Pits.
 25906 | Lair:5   | Found a viscous altar of Jiyva.
 26039 | Lair:6   | Entered Level 6 of the Lair of Beasts
 26042 | Lair:6   | Reached skill level 15 in Shields
 26049 | Lair:6   | Received a gift from Trog
 26197 | Lair:5   | Reached skill level 16 in Fighting
 26990 | Lair:5   | Reached skill level 17 in Fighting
 28000 | Lair:6   | Reached skill level 18 in Fighting
 28375 | Lair:6   | Reached skill level 15 in Armour
 28571 | Lair:6   | Reached XP level 15. HP: 143/149 MP: 14/14
 30385 | D:12     | Reached skill level 19 in Fighting
 30604 | D:12     | Received a gift from Trog
 31035 | D:12     | Identified the ring "Pyisaroa" {+Blink rF+ Str-3 Int+5}
 31392 | D:12     | Noticed Erolcha
 31396 | D:12     | Cast into level 1 of the Abyss (Erolcha)
 31517 | Abyss:1  | Noticed an Executioner
 31543 | D:12     | Escaped the Abyss
 31547 | D:12     | Killed Erolcha
 32860 | D:13     | Noticed Acheron's ghost (journeyman GrGl)
 32861 | D:13     | Found a runed translucent door.
 32892 | D:13     | Killed Acheron's ghost
 33098 | D:15     | Entered Level 15 of the Dungeon
 33134 | D:14     | Received a gift from Trog
 33856 | D:14     | Found a gate to the Vaults.
 34364 | D:15     | Found a staircase to the Depths.
 34364 | D:15     | Noticed a fire giant
 35342 | D:15     | Reached skill level 20 in Fighting
 35952 | D:15     | Killed a fire giant
 36410 | Elf:1    | Reached XP level 16. HP: 162/162 MP: 15/15
 36461 | Elf:1    | Noticed Agnes
 36474 | Elf:1    | Killed Agnes
 36621 | Elf:1    | Found Reaclywn's Distillery.
 36773 | Elf:1    | Received a gift from Trog
 36797 | Elf:2    | Identified the cursed +1 bardiche of Nimpes {pain, Str+4
                  | Stlth+}
 37123 | Elf:1    | Got a transparent morningstar {god gift}
 37124 | Elf:1    | Identified the +5 morningstar of Egiuss {elec, SInv} (Trog
                  | gifted it to you on level 1 of the Elven Halls)
 37529 | Elf:1    | Noticed Azrael
 37546 | Elf:1    | Killed Azrael
 38397 | Elf:2    | Identified the ring "Mylik" {Ice Str+3}
 38817 | Elf:2    | Reached skill level 21 in Fighting
 38945 | Elf:2    | Received a gift from Trog
 39236 | Elf:2    | Found a runed translucent gate.
 39236 | Elf:2    | Found a runed translucent gate.
 39236 | Elf:2    | Found a runed translucent gate.
 39497 | Elf:2    | Noticed Asterion
 39524 | Elf:2    | Killed Asterion
 39774 | Elf:3    | Entered Level 3 of the Elven Halls
 40151 | Elf:2    | Noticed Nikola
 40196 | Elf:2    | Killed from afar by Nikola

Skill      XL: |  1  2  3  4  5  6  7  8  9 10 11 12 13 14 15 16 |
---------------+-------------------------------------------------+-----
Fighting       | 4 5 6 8 9 10 12 14 18 20 21 | 21.5
Axes           | 3 4 6 7 9 |  9.4
Shields        | 4 5 7 8 9 11 12 14 15 | 15.0
Armour         | 4 5 7 8 10 11 12 15 17 19 | 19.0
Maces & Flails | 5 8 10 12 14 15 | 15.2
Dodging        | 1 |  1.0

Action                   |  1- 3 |  4- 6 |  7- 9 | 10-12 | 13-15 | 16-18 || total
-------------------------+-------+-------+-------+-------+-------+-------++-------
Melee: War axe           |    54 |   176 |    77 |       |       |       ||   307
       Headbutt          |    10 |    36 |    55 |   173 |   358 |    95 ||   727
       Mace              |       |       |   248 |   533 |       |       ||   781
       Morningstar       |       |       |       |   307 |  1428 |   415 ||  2150
 Fire: Fustibalus        |       |       |       |     1 |    39 |     5 ||    45
Throw: Stone             |       |     2 |    14 |    30 |    22 |     5 ||    73
Invok: Berserk           |       |     1 |     8 |    19 |     8 |     2 ||    38
       Trog's Hand       |       |       |       |     1 |       |     2 ||     3
       Brothers in Arms  |       |       |       |       |     1 |       ||     1
Evoke: Wand              |       |       |       |     4 |     7 |       ||    11
  Use: Scroll            |       |     5 |    14 |    10 |     6 |       ||    35
       Potion            |       |       |     2 |     2 |     3 |     2 ||     9
 Stab: Distracted        |       |       |       |       |     2 |       ||     2
  Eat: Chunk             |       |     6 |    11 |    41 |    29 |     9 ||    96
       Ration            |       |       |     4 |     6 |     9 |     1 ||    20
Armor: Scale mail        |     1 |       |       |       |       |       ||     1
       Plate armour      |    60 |    81 |   144 |   270 |   492 |   117 ||  1164
       Leather armour    |       |       |     1 |       |       |       ||     1
       Skin              |       |       |       |       |     2 |       ||     2
Dodge: Dodged            |    13 |    21 |    28 |   126 |   240 |    54 ||   482
Block: Shield            |    38 |    74 |   179 |   502 |   816 |   208 ||  1817
       Reflection        |       |       |     7 |    31 |    22 |    33 ||    93
